 Dungeon Crawl Stone Soup version 0.26.1-11-gd32895ea62 (webtiles) character file.

Game seed: 2738551774861939826

34736 Ijustatesigmund the Severer (level 13, -23/126 HPs)
             Began as a Hill Orc Fighter on May 21, 2021.
             Was a High Priest of Okawaru.
             Annihilated by a wolf spider simulacrum (29 damage)
             ... on level 15 of the Dungeon.
             The game lasted 00:35:35 (22214 turns).

Ijustatesigmund the Severer (Hill Orc Fighter)     Turns: 22214, Time: 00:35:35

Health: -23/126    AC: 22    Str: 20    XL:     13   Next: 79%
Magic:  20/20      EV: 12    Int:  8    God:    Okawaru [*****.]
Gold:   686        SH: 11    Dex: 14    Spells: 12/12 levels left

rFire    + . .     SeeInvis .   a - +2 war axe
rCold    . . .     Faith    .   c - +0 kite shield
rNeg     . . .     Spirit   .   o - +5 ring mail "Faupelog" {*Contam rPois rF+}
rPois    +         Reflect  .   (no helmet)
rElec    .         Harm     .   d - +0 cloak
rCorr    .         Rampage  .   J - +0 pair of gloves
Will     .....                  f - +2 pair of boots {run}
Stlth    +.........             (no amulet)
HPRegen  0.31/turn              m - +4 ring of protection
MPRegen  0.17/turn              O - +4 ring of slaying

@: studying Throwing, quick
A: no striking features
a: Renounce Religion, Heroism, Finesse


You were on level 15 of the Dungeon.
You worshipped Okawaru.
Okawaru was extremely pleased with you.
You visited 2 branches of the dungeon, and saw 16 of its levels.

You collected 942 gold pieces.
You spent 256 gold pieces at shops.

Inventory:

Hand Weapons
 a - a +2 war axe (weapon)
 w - a +0 morningstar of protection
Missiles
 j - 2 silver javelins (quivered)
Armour
 b - a +2 scale mail of fire resistance
 c - a +0 kite shield (worn)
 d - a +0 cloak (worn)
 f - a +2 pair of boots of running (worn)
 o - the +5 ring mail "Faupelog" (worn) {*Contam rPois rF+}
   (Okawaru gifted it to you on level 14 of the Dungeon)

   It protects you from fire.
   It protects you from poison.
   It causes magical contamination when unequipped.
 J - a +0 pair of gloves (worn)
Jewellery
 m - a +4 ring of protection (left hand)
 n - a +6 ring of intelligence
 q - an uncursed ring of poison resistance
 C - an uncursed ring of wizardry
 I - an uncursed ring of fire
 O - a +4 ring of slaying (right hand)
Wands
 r - a wand of flame (24)
 u - a wand of paralysis (14)
 x - a wand of acid (7)
 A - a wand of random effects (43)
 G - a wand of digging (7)
 H - a wand of iceblast (5)
Scrolls
 l - 5 scrolls of remove curse
 p - 2 scrolls of fear
 v - 9 scrolls of teleportation
 B - 4 scrolls of identify
 D - a scroll of amnesia
 E - 3 scrolls of summoning
 F - 2 scrolls of fog
 N - a scroll of enchant weapon
Potions
 e - 6 potions of lignification
 g - 2 potions of mutation
 h - a potion of flight
 i - 11 potions of curing
 k - 2 potions of attraction
 s - 3 potions of invisibility
 t - a potion of brilliance
 z - 12 potions of ambrosia
 L - a potion of resistance
 M - a potion of magic
Books
 K - a manual of Throwing


   Skills:
 + Level 15.0 Fighting
 + Level 15.1 Axes
 - Level 10.1 Armour
 + Level 5.0 Dodging
 - Level 7.1 Shields
 + Level 10.4 Invocations
 - Level 5.2 Evocations


You had 12 spell levels left.
You didn't know any spells.
Your spell library contained the following spells:

 Spells                   Type           Power        Failure   Level
 Corona                   Hex            0%           88%         1
 Shock                    Conj/Air       0%           88%         1
 Blink                    Tloc           N/A          95%         2
 Ensorcelled Hibernation  Hex/Ice        0%           95%         2
 Swiftness                Air            0%           95%         2
 Confusing Touch          Hex            0%           99%         3
 Dazzling Flash           Conj/Hex       0%           99%         3
 Gell's Gravitas          Tloc           0%           99%         3
 Lesser Beckoning         Tloc           0%           99%         3
 Static Discharge         Conj/Air       0%           99%         3
 Teleport Other           Tloc           0%           99%         3
 Tukima's Dance           Hex            0%           99%         3
 Airstrike                Air            0%           100%        4
 Passage of Golubria      Tloc           N/A          100%        4
 Lightning Bolt           Conj/Air       0%           100%        5


Dungeon Overview and Level Annotations

Branches:
Dungeon (15/15)            Temple (1/1) D:7            Lair (0/6) D:11
    Orc (0/2) D:9          Vaults (0/5) D:14         Depths (0/5) D:15

Altars:
Ashenzari
Cheibriados
Dithmenos
Elyvilon
Fedhas
Gozag
Hepliaklqana
Kikubaaqudgha
Makhleb
Nemelex Xobeh
Okawaru
Qazlal
Ru
Sif Muna
Trog
Uskayaw
Vehumet
Wu Jian
Xom
Yredelemnul
Zin
The Shining One

Shops:
D:5 *   D:12 *=   D:13 *

Portals:
Trove: D:11 (show abyssal rune of Zot)

Annotations:
D:8 2 transporters, Pereza0's ghost, novice OpEE


Message History

The wolf spider simulacrum freezes you!!
The wolf spider simulacrum bites you but does no damage.
You are too injured to fight recklessly!
You are too injured to fight recklessly!
You are too injured to fight recklessly!
You are too injured to fight recklessly!
You are too injured to fight recklessly!
You are too injured to fight recklessly!
You are too injured to fight recklessly!
You are too injured to fight recklessly!
You slash the wolf spider simulacrum!
The wolf spider simulacrum is almost destroyed.
The wolf spider simulacrum hits you!
* * * LOW HITPOINT WARNING * * *
The wolf spider simulacrum freezes you!!
* * * LOW HITPOINT WARNING * * *
The wolf spider simulacrum bites you!
* * * LOW HITPOINT WARNING * * *
The wolf spider simulacrum freezes you!!
You die...

,********,,********#####****,#.#*
,,,,,,,,,,** #.....,,,,,,...*
,******,*** #.##[#******#}#* ,*
*,* ##* #.##.# #.# ,* *,* *#.#*
#.##.########.## ,******,***,#.#*
#.#...[.........
,,,,,**,*#,**#.#*#.#..########...
,,,<,,,,,....##)##.#..# ####
,***,**,,......Z@.....# # **
*,****.#####.#####.######### #
*,* **,**#.#* #.....)...### *,*
**,#.#* ########..... ***,* *#.#*
#..### *,,,* ##* #..# *,*****
#..# # ***,,,,* #..# #
*,****,******* #..# #


You could see a wolf spider simulacrum.

Vanquished Creatures
  2 tengu reavers (D:12)
  An ettin (D:12)
  A catoblepas (D:13)
  A centaur warrior (D:15)
  5 two-headed ogres
  The ghost of Evyfiom the Blocker, a journeyman GrFi of Trog (D:11)
  2 tengu warriors
  Nergalle (D:12)
  An unseen horror (D:11)
  A cyclops (D:13)
  A manticore (D:15)
  6 ugly things
  Joseph (D:9)
  Maurice (D:8)
  A cane toad (shapeshifter) (D:14)
  3 kobold demonologists
  3 yaktaurs (D:15)
  4 trolls
  3 meliai
  Prince Ribbit (D:5)
  5 slime creatures
  A shadow (D:12)
  Sigmund (D:6)
  5 wraiths
  A spriggan (shapeshifter) (D:13)
  A water elemental (D:11)
  18 yaks
  4 wyverns
  Eustachio (D:5)
  A basilisk (D:12)
  2 humans (shapeshifter) (D:14)
  An acid dragon (D:12)
  3 water moccasins (D:11)
  Duvessa (D:7)
  A black bear (D:10)
  10 orc warriors
  An eye of draining (D:13)
  7 ice beasts
  9 sky beasts
  A phantom (D:5)
  14 ogres
  3 centaurs
  4 big kobolds
  10 bullfrogs
  Blork the orc (D:5)
  A gnoll sergeant (D:9)
  A wyvern zombie (D:14)
  Dowan (D:7)
  A water moccasin zombie (D:11)
  10 scorpions
  A water moccasin skeleton (D:9)
  17 killer bees
  10 wights
  4 howler monkeys
  3 electric eels (D:11)
  2 centaur zombies
  4 bullfrog zombies
  8 hounds
  A quasit (D:9)
  Crazy Yiuf (D:5)
  4 jellies
  9 orc priests
  A centaur skeleton (D:7)
  5 bullfrog skeletons
  22 orc wizards
  3 iguanas
  10 worker ants
  A bullfrog simulacrum (D:11)
  2 hound zombies (D:8)
  2 hound skeletons (D:6)
  2 worker ant zombies
  4 gnolls (D:8)
  8 adders
  3 shadow imps
  5 white imps
  An ufetubus (D:8)
  An ooze (D:2)
  An adder zombie (D:9)
  2 worms
  3 dart slugs
  6 leopard geckos
  69 orcs
  12 bats
  11 giant cockroaches
  4 hobgoblins
  14 jackals
  14 kobolds
  7 quokkas
  2 frilled lizards
  6 goblins
  A leopard gecko skeleton (D:8)
  9 rats
455 creatures vanquished.

Vanquished Creatures (others)
  4 bushes (D:11)
  5 fungi
  23 plants (D:11)
32 creatures vanquished.

Grand Total: 487 creatures vanquished

Notes
Turn   | Place    | Note
-------+----------+-------------------------------------------
     0 | D:1      | Ijustatesigmund the Hill Orc Fighter began the quest for
                  | the Orb.
     0 | D:1      | Reached XP level 1. HP: 19/19 MP: 1/1
    27 | D:1      | Reached XP level 2. HP: 27/27 MP: 2/2
   295 | D:1      | Reached XP level 3. HP: 32/33 MP: 3/3
  1197 | D:2      | Found a shimmering blue altar of Sif Muna.
  1301 | D:2      | Reached XP level 4. HP: 40/41 MP: 4/4
  1423 | D:2      | Reached skill level 5 in Axes
  2070 | D:3      | Reached XP level 5. HP: 44/47 MP: 5/5
  2466 | D:3      | Reached skill level 5 in Fighting
  2482 | D:3      | Reached XP level 6. HP: 53/56 MP: 6/6
  2573 | D:3      | Found a blossoming altar of Fedhas.
  2574 | D:3      | Found an ancient bone altar of Kikubaaqudgha.
  2744 | D:4      | Found a basalt altar of Yredelemnul.
  3963 | D:5      | Entered Level 5 of the Dungeon
  4040 | D:5      | Reached XP level 7. HP: 59/63 MP: 7/7
  4118 | D:5      | Reached skill level 5 in Armour
  4300 | D:5      | Noticed Eustachio
  4344 | D:5      | Killed Eustachio
  4555 | D:5      | Noticed Prince Ribbit
  4558 | D:5      | Noticed Blork the orc
  4573 | D:5      | Killed Blork the orc
  4594 | D:5      | Killed Prince Ribbit
  4595 | D:5      | Reached XP level 8. HP: 18/73 MP: 8/8
  4864 | D:5      | Found a runed translucent door.
  4865 | D:5      | Noticed Crazy Yiuf
  4872 | D:5      | Killed Crazy Yiuf
  5117 | D:5      | Found Baux's General Store.
  5124 | D:5      | Bought a potion of flight for 30 gold pieces
  5124 | D:5      | Bought a scroll of identify for 20 gold pieces
  5124 | D:5      | Bought a potion of heal wounds for 50 gold pieces
  5809 | D:6      | Noticed Sigmund
  5818 | D:6      | Killed Sigmund
  5850 | D:6      | Reached XP level 9. HP: 77/82 MP: 9/9
  6213 | D:6      | Identified a +2 pair of boots of running (You found it on
                  | level 6 of the Dungeon)
  6291 | D:6      | Reached skill level 10 in Axes
  7392 | D:7      | Noticed Duvessa
  7392 | D:7      | Noticed Dowan
  7413 | D:7      | Killed Duvessa
  7606 | D:7      | Reached skill level 10 in Fighting
  7613 | D:7      | Killed Dowan
  7614 | D:7      | Reached skill level 1 in Dodging
  7615 | D:7      | Reached XP level 10. HP: 64/93 MP: 10/10
  7790 | D:7      | Found a staircase to the Ecumenical Temple.
  7806 | Temple   | Entered the Ecumenical Temple
  8658 | D:8      | Found a transporter.
  8695 | D:8      | Noticed Maurice
  8719 | D:8      | Killed Maurice
  8728 | D:8      | Noticed a two-headed ogre
  8747 | D:8      | Killed a two-headed ogre
  8748 | D:8      | Reached skill level 5 in Shields
  9322 | D:8      | Found a shadowy altar of Dithmenos.
  9322 | D:8      | Found an iron altar of Okawaru.
  9351 | D:8      | Found a transporter.
  9418 | D:8      | Noticed Pereza0's ghost (novice OpEE)
  9674 | D:8      | Became a worshipper of Warmaster Okawaru
  9719 | D:9      | Reached skill level 1 in Invocations
  9721 | D:9      | Reached skill level 1 in Evocations
  9794 | D:9      | Noticed Joseph
  9826 | D:9      | Killed Joseph
  9826 | D:9      | Reached * piety under Okawaru
  9827 | D:9      | Reached XP level 11. HP: 69/101 MP: 13/13
 10162 | D:9      | Found a staircase to the Orcish Mines.
 10177 | D:9      | Reached skill level 5 in Invocations
 10440 | D:9      | Reached ** piety under Okawaru
 10552 | D:9      | Noticed a two-headed ogre
 10567 | D:9      | Killed a two-headed ogre
 10664 | D:9      | Found a glowing silver altar of Zin.
 10754 | D:9      | Reached skill level 5 in Evocations
 11109 | D:10     | Entered Level 10 of the Dungeon
 11494 | D:10     | Reached *** piety under Okawaru
 12267 | D:11     | Found a staircase to the Lair.
 12289 | D:11     | Reached **** piety under Okawaru
 12453 | D:11     | Found a runed translucent gate.
 12454 | D:11     | Found a runed translucent gate.
 12454 | D:11     | Found a runed translucent gate.
 12485 | D:11     | Noticed Evyfiom's ghost (journeyman GrFi)
 12511 | D:11     | Killed Evyfiom's ghost
 12512 | D:11     | Reached XP level 12. HP: 59/113 MP: 17/17
 12969 | D:11     | Found a portal to a secret trove of treasure.
 14222 | D:11     | Noticed a sphinx
 14583 | D:10     | Reached ***** piety under Okawaru
 15161 | D:12     | Noticed a two-headed ogre
 15179 | D:12     | Killed a two-headed ogre
 15307 | D:12     | Noticed Nergalle
 15333 | D:12     | Killed Nergalle
 15334 | D:12     | Found Leehaits's Luxury Loot.
 16116 | D:12     | Found a runed translucent door.
 16117 | D:12     | Noticed a tengu reaver
 16501 | D:12     | Killed a tengu reaver
 16501 | D:12     | Received a gift from Okawaru
 16745 | D:12     | Noticed an ettin
 16746 | D:12     | Noticed a tengu reaver
 16763 | D:12     | Killed an ettin
 16787 | D:12     | Killed a tengu reaver
 17254 | D:12     | Reached XP level 13. HP: 103/124 MP: 19/19
 17417 | D:12     | Found Inwoll's Jewellery Shoppe.
 17663 | D:13     | Found a glowing silver altar of Zin.
 18077 | D:13     | Found Uvawkuho's Island Escapes.
 18772 | D:13     | Reached skill level 10 in Armour
 19131 | D:13     | Bought a scroll of teleportation for 39 gold pieces
 19131 | D:13     | Bought a scroll of teleportation for 39 gold pieces
 19131 | D:13     | Bought a scroll of teleportation for 39 gold pieces
 19131 | D:13     | Bought a scroll of teleportation for 39 gold pieces
 19232 | D:13     | HP: 5/125 [red ugly thing (10)]
 19821 | D:13     | HP: 4/125 [cyan ugly thing (15)]
 20363 | D:14     | Received a gift from Okawaru
 20366 | D:14     | Got a fading ring mail {god gift}
 20389 | D:13     | Identified the +5 ring mail "Faupelog" {*Contam rPois rF+}
                  | (Okawaru gifted it to you on level 14 of the Dungeon)
 20692 | D:14     | Found a white marble altar of Elyvilon.
 21355 | D:14     | Found a gate to the Vaults.
 21388 | D:14     | Reached skill level 10 in Invocations
 21705 | D:15     | Entered Level 15 of the Dungeon
 21934 | D:15     | Reached skill level 15 in Axes
 22172 | D:15     | Got an ancient hand axe
 22175 | D:15     | Identified the cursed +0 hand axe "Siosmiv" {drain, Fragile
                  | +Rage rElec} (You found it on level 15 of the Dungeon)
 22197 | D:15     | Reached skill level 15 in Fighting
 22213 | D:15     | Reached skill level 5 in Dodging
 22214 | D:15     | HP: 6/126 [wolf spider simulacrum (8)]
 22214 | D:15     | Annihilated by a wolf spider simulacrum

Illustrated notes

Levels and vault maps discovered:
D:1:      giann_horns, layout_loops_ring, minmay_tetromino_s4
D:2:      layout_loops_ring, led_sif_pool, minmay_tree_intersection,
          minivault_23
D:3:      layout_basic, grunt_temple_overflow_growth_and_decay, st_stairs_7
D:4:      layout_layer_cave, yredelemnul_altar_generic
D:5:      layout_basic, serial_shops, shop, uniq_crazy_yiuf_cottage,
          uniq_blork_the_orc, uniq_prince_ribbit1, uniq_eustachio
D:6:      kb_forest_paths, layout_loops_ring, kennysheep_small_circle,
          uniq_sigmund
D:7:      layout_basic, minmay_temple_entry_crystal_x, uniq_duvessa
D:8:      layout_loops_ring, gammafunk_temple_overflow_wave,
          gammafunk_ghost_mausoleum, uniq_maurice
D:9:      layout_loops_ring, zin_statuary,
          kennysheep_orc_monster_closet_entryway, uniq_joseph
D:10:     layout_roguey
D:11:     layout_loops_ring, minmay_lair_entry_grove, gammafunk_ghost_icy,
          enter_trove_3, kennysheep_island_fort
D:12:     layout_loops_cross, serial_shops, shop_statue, nicolae_alphabet_shops,
          minivault_13, uniq_nergalle
D:13:     minmay_stone_box, layout_irregular_city, basic_altar,
          nicolae_island_escapes
D:14:     layout_grid_maze, david_vaults_2, elyvilon_altar_3, special_room
          [special_room_bee]
D:15:     gammafunk_enter_depths_forms, layout_loops_ring, fedhas_altar_4,
          portal_ice_cave_entry_pillars_1, minmay_strange_pillars,
          abandoned_shop, jmf_multi_god_temple2
Temple:   bh_familiar_temple

Skill      XL: |  1  2  3  4  5  6  7  8  9 10 11 12 13 |
---------------+----------------------------------------+-----
Axes           | 3 4 5 6 8 9 11 12 14 15 | 15.1
Fighting       | 4 5 6 7 8 10 12 14 15 | 15.0
Armour         | 4 6 7 8 9 10 | 10.1
Dodging        | 1 3 5 |  5.0
Shields        | 5 7 |  7.1
Invocations    | 3 7 8 10 | 10.4
Evocations     | 2 5 |  5.2

Action                   |  1- 3 |  4- 6 |  7- 9 | 10-12 | 13-15 || total
-------------------------+-------+-------+-------+-------+-------++-------
Melee: War axe           |   115 |   173 |   325 |   943 |   507 ||  2063
Throw: Javelin           |       |       |       |       |     2 ||     2
Invok: Heroism           |       |       |       |     5 |     2 ||     7
       Finesse           |       |       |       |     1 |       ||     1
Evoke: Wand              |       |     3 |     1 |     7 |     3 ||    14
  Use: Scroll            |     5 |     8 |     5 |     5 |     9 ||    32
       Potion            |       |       |     5 |    10 |     2 ||    17
 Stab: Paralysed         |       |       |     3 |       |       ||     3
       Distracted        |       |       |       |     1 |       ||     1
Armor: Scale mail        |    78 |    94 |   150 |   386 |   105 ||   813
       Ring mail         |       |       |       |       |    95 ||    95
Dodge: Dodged            |    60 |    43 |    71 |   287 |   149 ||   610
Block: Kite shield       |    70 |    66 |   143 |   401 |   251 ||   931
